Workbook

Sheet ERDA CITY MAIN
B1: Erda City - General Fund
B2: FY 2024/2025 Budget
H4: Tenative
D5: Actual | F5: Budget | H5: Budget
B6: Revenues | D6: FY 2023 | F6: FY 2024 | H6: FY 2025
B8: Taxes
B9: Property taxes | D9: 416765 | F9: 362000 | H9: 362000
B10: Mass transit | D10: 73179 | F10: 48000 | H10: 48000
B11: Franchise taxes | D11: 65408 | F11: 100000 | H11: 100000
B12: Sales tax | D12: 783263 | F12: 617365 | H12: 617365
B13: Total Taxes | D13: =SUM(D9:D12) -> 1338615 | F13: =SUM(F9:F12) -> 1127365 | H13: =SUM(H9:H12) -> 1127365
B15: License and Permits
B16: Business licensed & fees | D16: 12894 | F16: 2000 | H16: 2000
B17: Building permits | D17: 170872 | F17: 100000 | H17: 100000
B18: Total License and Permits | D18: =SUM(D16:D17) -> 183766 | F18: =SUM(F16:F17) -> 102000 | H18: =SUM(H16:H17) -> 102000
B20: Intergovernmental Revenue
B21: Class C Road Allottment | D21: 262352 | F21: 250000 | H21: 298000
B22: Liquor grant | D22: 1943 | F22: 2000 | H22: 2000
B23: Total Intergovernmental | D23: =SUM(D21:D22) -> 264295 | F23: =SUM(F21:F22) -> 252000 | H23: =SUM(H21:H22) -> 300000
B25: Charges For Service
B26: Zoning & subdivision fees | D26: 6000 | F26: 0 | H26: 0
B27: Annexation applications | D27: 1000 | F27: 0 | H27: 0
B28: Total Charges for Service | D28: =SUM(D26:D27) -> 7000 | F28: =SUM(F26:F27) -> 0 | H28: =SUM(H26:H27) -> 0
B30: Fines and Forfeitures
B31: Fines | D31: 0 | F31: 0 | H31: 0
B32: Total Fines and Forfeitures | D32: =SUM(D31) -> 0 | F32: =SUM(F31) -> 0 | H32: =SUM(H31) -> 0
B34: Rents & Other Revenues
B35: Recycling | D35: 0 | F35: 0 | H35: 0
B36: Total Rents & Other Revenues | D36: =SUM(D35) -> 0 | F36: =SUM(F35) -> 0 | H36: =SUM(H35) -> 0
B39: Interest & Misc Revenues
B40: Interest earnings | D40: 33073 | F40: 50000 | H40: 50000
B41: Sundry revenues | D41: 260 | F41: 0 | H41: 0
B42: Total Miscellaneous Revenues | D42: =SUM(D40:D41) -> 33333 | F42: =SUM(F40:F41) -> 50000 | H42: =SUM(H40:H41) -> 50000
B44: Transfers & Contributions
B45: Fund balance appropriation | D45: 0 | F45: 0 | H45: 0
B46: Total Contributions & Transfers | D46: =SUM(D45) -> 0 | F46: =SUM(F45) -> 0 | H46: =SUM(H45) -> 0
B48: Total General Fund Revenues | D48: =+D13+D18+D23+D28+D32+D36+D42+D46 -> 1827009 | F48: =+F13+F18+F23+F28+F32+F36+F42+F46 -> 1531365 | H48: =+H13+H18+H23+H28+H32+H36+H42+H46 -> 1579365
B54: Erda City - General Fund-Continued
B55: =+B2 -> FY 2024/2025 Budget
D57: Half year | H57: =+$H$4 -> Tenative
D58: =+$D$5 -> Actual | F58: =+$F$5 -> Budget | H58: =+$H$5 -> Budget
B59: Expenditures | D59: =+$D$6 -> FY 2023 | F59: =+$F$6 -> FY 2024 | H59: =+$H$6 -> FY 2025
B61: City Council | D61: ='City Council'!C24 -> 126591 | F61: ='City Council'!E24 -> 200100 | H61: ='City Council'!G24 -> 344600
B62: Recorder | D62: =Recorder!C14 -> 81557 | F62: =Recorder!E14 -> 106500 | H62: =Recorder!G14 -> 85500
B63: Public Safety | D63: ='Public Safety'!C10 -> 299290 | F63: ='Public Safety'!E10 -> 400000 | H63: ='Public Safety'!G10 -> 400000
B64: Streets & Public Improvement | D64: ='Streets & Public Improvements'!C18 -> 285077 | F64: ='Streets & Public Improvements'!E18 -> 453000 | H64: ='Streets & Public Improvements'!G18 -> 453000
B65: Treasurer | D65: =Treasurer!C19 -> 0 | F65: =Treasurer!E19 -> 44000 | H65: =Treasurer!G19 -> 85000
B66: Reserves | D66: 0 | F66: 327765 | H66: 211265
B67: Total General Fund Expenditures | D67: =SUM(D61:D66) -> 792515 | F67: =SUM(F61:F66) -> 1531365 | H67: =SUM(H61:H66) -> 1579365
B69: Surplus/(Deficit) | D69: =+D48-D67 -> 1034494 | F69: =-F67+F48 -> 0 | H69: =-H67+H48 -> 0
L70: Fund Balance Beginning of Year | R70: 1208954
L72: Projected Surplus/(Deficit) | R72: 211265
L74: Appropriate fund balance\Reserves | R74: =+R70+R72 -> 1420219
L286: Ending Fund Balance | R286: =+R70+R72+R74 -> 2840438
L287: Fund Balance Percentage
L289: General Fund Balance per state law needs to between 5% and 25% (Current projected fund balance) | R289: =+$R$286/$D$67 -> 3.5840811 | U289: Without Class C Roads
B374: Class C Roads
B375: =+B2 -> FY 2024/2025 Budget
H377: =+$H$4 -> Tenative
D378: =+$D$5 -> Actual | F378: =+$F$5 -> Budget | H378: =+$H$5 -> Budget
B379: Revenues | D379: =+$D$6 -> FY 2023 | F379: =+$F$6 -> FY 2024 | H379: =+$H$6 -> FY 2025
L380: Rev | M380: Expend
B381: Interest earnings | D381: 0 | F381: 10000 | H381: 10000 | L381: 479847.71 | M381: 331066.52
B382: Mass transit tax | D382: 0 | F382: 120000 | H382: 120000 | O382: 107000
B383: Class "B&C" Road allotment | D383: 0 | F383: 440000 | H383: 440000
B384: Appropriation of fund balance | D384: 0 | F384: 50000 | H384: 50000
B385: Total Revenues | D385: =SUM(D381:D384) -> 0 | F385: =SUM(F379:F384) -> 620000 | H385: =SUM(H379:H384) -> 620000
H388: =+$H$4 -> Tenative
D389: =+$D$5 -> Actual | F389: =+$F$5 -> Budget | H389: =+$H$5 -> Budget
B390: Expenditures | D390: =+$D$6 -> FY 2023 | F390: =+$F$6 -> FY 2024 | H390: =+$H$6 -> FY 2025
B392: Miscellaneous | D392: 0 | F392: 0 | H392: 0
B393: Mass transit projects | D393: 107000 | F393: 120000 | H393: 120000 | O393: 107000
B394: Class "B&C" road projects | D394: 612954 | F394: 500000 | H394: 500000
B395: Reserves | D395: 0 | F395: 0 | H395: 0
B396: Total Capital Expenditures | D396: =SUM(D391:D395) -> 719954 | F396: =SUM(F392:F395) -> 620000 | H396: =SUM(H392:H395) -> 620000
B398: Surplus/(Deficit) | D398: =+D385-D396 -> -719954 | F398: =+F385-F396 -> 0 | H398: =+H385-H396 -> 0
L400: Fund Balance Beginning of Year | R400: 749965
B431: Recreation Impact Fee Funds
B432: =+B2 -> FY 2024/2025 Budget
H434: =+$H$4 -> Tenative
D435: =+$D$5 -> Actual | F435: =+$F$5 -> Budget | H435: =+$H$5 -> Budget
B436: Revenues | D436: =+$D$6 -> FY 2023 | F436: =+$F$6 -> FY 2024 | H436: =+$H$6 -> FY 2025
B438: Recreation facility fees | D438: 59136 | F438: 100000 | G438: 30890 | H438: 100000
B439: Interest earnings | D439: 3269 | F439: 10000 | H439: 10000
B440: Appropriation of fund balance | D440: 0 | F440: 0 | H440: 0
B441: Total Revenues | D441: =SUM(D438:D440) -> 62405 | F441: =SUM(F438:F440) -> 110000 | H441: =SUM(H438:H440) -> 110000
H444: =+$H$4 -> Tenative
D445: =+$D$5 -> Actual | F445: =+$F$5 -> Budget | H445: =+$H$5 -> Budget
B446: Expenditures | D446: =+$D$6 -> FY 2023 | F446: =+$F$6 -> FY 2024 | H446: =+$H$6 -> FY 2025
B448: Timp Spec Serv Dist Impact Fee | D448: 0 | F448: 0 | H448: 0
B449: Park system | D449: 9976 | F449: 110000 | H449: 110000
B450: Miscellaneous | D450: 0 | F450: 0 | H450: 0
B451: Total Capital Expenditures | D451: =SUM(D447:D450) -> 9976 | F451: =SUM(F447:F450) -> 110000 | H451: =SUM(H447:H450) -> 110000
B453: Surplus/(Deficit) | D453: =+D441-D451 -> 52429 | F453: =+F441-F451 -> 0 | H453: =+H441-H451 -> 0
L456: Fund Balance Beginning of Year | R456: 752776
L458: Projected Surplus/(Deficit) | R458: =+H453 -> 0
L460: Appropriate fund balance\Reserves | R460: =-H440 -> 0
L462: Ending Fund Balance | R462: =+R456+R458+R460 -> 752776
B497: Impact Fee Funds Streets
B498: =+B2 -> FY 2024/2025 Budget
...

Sheet City Council
A1: ='ERDA CITY MAIN'!B54 -> Erda City - General Fund-Continued
A2: City Council | D2: ='ERDA CITY MAIN'!B55 -> FY 2024/2025 Budget
G4: ='ERDA CITY MAIN'!H4 -> Tenative
C5: ='ERDA CITY MAIN'!D5 -> Actual | E5: ='ERDA CITY MAIN'!F5 -> Budget | G5: ='ERDA CITY MAIN'!H5 -> Budget
A6: ='ERDA CITY MAIN'!B59 -> Expenditures | C6: ='ERDA CITY MAIN'!D6 -> FY 2023 | E6: ='ERDA CITY MAIN'!F6 -> FY 2024 | G6: ='ERDA CITY MAIN'!H6 -> FY 2025
A8: Salaries and Wages | C8: 0 | E8: 0 | G8: 0
A9: Employee Benefits | C9: 0 | E9: 0 | G9: 0
A10: Overtime Wages | C10: 0 | E10: 0 | G10: 0
A11: Books, Subscriptions, & Members | C11: 0 | E11: 2500 | G11: 3000
A12: Public Notices/elections | C12: 0 | E12: 8000 | G12: 9000
A13: Travel | C13: 0 | E13: 0 | G13: 0
A14: Office Supplies & Postage | C14: 1862 | E14: 2000 | G14: 2000
A15: Equipment - Supplies & Mainten | C15: 0 | E15: 5000 | G15: 5000
A16: Telephone | C16: 0 | E16: 600 | G16: 600
A17: Professional Services | C17: 114623 | E17: 130000 | G17: 267000
A18: Education | C18: 0 | E18: 0 | G18: 0
A19: Insurance | C19: 5171 | E19: 12000 | G19: 15000
... A23: Other Expenses | C23: 935 | E23: 0 | G23: 0
A24: Total Administration | C24: =SUM(C8:C23) -> 126591 | E24: =SUM(E8:E23) -> 200100 | G24: =SUM(G8:G23) -> 344600
A29: Professional Services
A30: Attorney | C30: 5000 @ 12 | G30: 60000
A31: Misc legal | G31: 75000
A32: Miscellaneous | G32: 80000
A33: IT | G33: 25000
A34: Accountant | G34: 10000
A35: Audit | G35: 17000
A36: Total | G36: =SUM(G30:G35) -> 267000

Sheet Recorder
A1: ='ERDA CITY MAIN'!B54 -> Erda City - General Fund-Continued
A2: City Recorder | D2: ='ERDA CITY MAIN'!B55 -> FY 2024/2025 Budget
G4: ='ERDA CITY MAIN'!H4 -> Tenative
C5: ='ERDA CITY MAIN'!D5 -> Actual | E5: ='ERDA CITY MAIN'!F5 -> Budget | G5: ='ERDA CITY MAIN'!H5 -> Budget
A6: ='ERDA CITY MAIN'!B59 -> Expenditures | C6: ='ERDA CITY MAIN'!D6 -> FY 2023 | E6: ='ERDA CITY MAIN'!F6 -> FY 2024 | G6: ='ERDA CITY MAIN'!H6 -> FY 2025
A8: Salaries wages | C8: 25565 | E8: 60000 | G8: 60000
A9: Benefits | C9: 1939 | E9: 10000 | G9: 10000
A10: Office supplies | C10: 3267 | E10: 10000 | G10: 10000
A11: Travel | C11: 0 | E11: 500 | G11: 500
A12: Professional services | C12: 49906 | E12: 25000 | G12: 0
A13: Training/seminars | C13: 880 | E13: 1000 | G13: 5000
A14: Total Recorder | C14: =SUM(C8:C13) -> 81557 | E14: =SUM(E8:E13) -> 106500 | G14: =SUM(G8:G13) -> 85500
A18: Part time recorder $30 per hour

Sheet Public Safety
A1: ='ERDA CITY MAIN'!B54 -> Erda City - General Fund-Continued
A2: Public Safety | D2: ='ERDA CITY MAIN'!B55 -> FY 2024/2025 Budget
G4: ='ERDA CITY MAIN'!H4 -> Tenative
C5: ='ERDA CITY MAIN'!D5 -> Actual | E5: ='ERDA CITY MAIN'!F5 -> Budget | G5: ='ERDA CITY MAIN'!H5 -> Budget
A6: ='ERDA CITY MAIN'!B59 -> Expenditures | C6: ='ERDA CITY MAIN'!D6 -> FY 2023 | E6: ='ERDA CITY MAIN'!F6 -> FY 2024 | G6: ='ERDA CITY MAIN'!H6 -> FY 2025
A8: Police | C8: 274663 | E8: 350000 | G8: 350000
A9: Dispatch fee | C9: 24627 | E9: 50000 | G9: 50000
A10: Total Public Safety | C10: =SUM(C8:C9) -> 299290 | E10: =SUM(E8:E9) -> 400000 | G10: =SUM(G8:G9) -> 400000

Sheet Streets &  Public Improvements
A1: ='ERDA CITY MAIN'!B54 -> Erda City - General Fund-Continued
A2: Streets & Public Improvements | D2: ='ERDA CITY MAIN'!B55 -> FY 2024/2025 Budget
G4: ='ERDA CITY MAIN'!H4 -> Tenative
C5: ='ERDA CITY MAIN'!D5 -> Actual | E5: ='ERDA CITY MAIN'!F5 -> Budget | G5: ='ERDA CITY MAIN'!H5 -> Budget
A6: ='ERDA CITY MAIN'!B59 -> Expenditures | C6: ='ERDA CITY MAIN'!D6 -> FY 2023 | E6: ='ERDA CITY MAIN'!F6 -> FY 2024 | G6: ='ERDA CITY MAIN'!H6 -> FY 2025
A8: Salaries and Wages | C8: 0 | E8: 0 | G8: 0
A9: Employee Benefits | C9: 0 | E9: 0 | G9: 0
A10: Overtime Wages | C10: 0 | E10: 0 | G10: 0
A11: Books, Subscriptions, & Members | C11: 0 | E11: 0 | G11: 0
A12: Office Supplies & Postage | C12: 0 | E12: 0 | G12: 0
A13: Telephone | C13: 0 | E13: 0 | G13: 0
A14: Contract/Building Inspector | C14: 46385 | E14: 155000 | G14: 155000
A15: Insurance & Surety Bonds | C15: 0 | E15: 0 | G15: 0
A16: Class C road projects | C16: 238692 | E16: 298000 | G16: 298000
A17: Building Permit Surcharge | C17: 0 | E17: 0 | G17: 0
A18: Total Streets & Public Improv | C18: =SUM(C8:C17) -> 285077 | E18: =SUM(E8:E17) -> 453000 | G18: =SUM(G8:G17) -> 453000
A23: Contract/Building Inspector
A24: Ensign Engineer/inspector | G24: 155000

Sheet Treasurer
A1: ='ERDA CITY MAIN'!B54 -> Erda City - General Fund-Continued
A2: Treasure | D2: ='ERDA CITY MAIN'!B55 -> FY 2024/2025 Budget
G4: ='ERDA CITY MAIN'!H4 -> Tenative
C5: ='ERDA CITY MAIN'!D5 -> Actual | E5: ='ERDA CITY MAIN'!F5 -> Budget | G5: ='ERDA CITY MAIN'!H5 -> Budget
A6: ='ERDA CITY MAIN'!B59 -> Expenditures | C6: ='ERDA CITY MAIN'!D6 -> FY 2023 | E6: ='ERDA CITY MAIN'!F6 -> FY 2024 | G6: ='ERDA CITY MAIN'!H6 -> FY 2025
A8: Salaries and Wages | C8: 0 | E8: 30000 | G8: 70000
A9: Employee Benefits | C9: 0 | E9: 8000 | G9: 10000
A10: Overtime Wages | C10: 0 | E10: 0 | G10: 0
A11: Travel | C11: 0 | E11: 0 | G11: 0
A12: Office Supplies & Postage | C12: 0 | E12: 1000 | G12: 0
A13: Equipment - Supplies & Maintenance | C13: 0 | E13: 0 | G13: 0
A14: Building And Grounds Supplies | C14: 0 | E14: 0 | G14: 0
A15: Utilities | C15: 0 | E15: 0 | G15: 0
A16: Telephone | C16: 0 | E16: 0 | G16: 0
A17: Insurance & Surety Bonds | C17: 0 | E17: 0 | G17: 0
A18: Other Expenses | C18: 0 | E18: 5000 | G18: 5000
A19: Total Treasure | C19: =SUM(C8:C18) -> 0 | E19: =SUM(E8:E18) -> 44000 | G19: =SUM(G8:G18) -> 85000

Sheet Sheet1
